 Dungeon Crawl Stone Soup version 0.24.0-123-gd5b16e6ec5 (webtiles) character file.

Game seed: 10880705041961009854, levelgen mode: deterministic

7 Nattfarinn the Caller (level 2, -1/20 HPs)
             Began as a Barachi Summoner on Jan 19, 2020.
             Slain by a hobgoblin
             ... wielding a +0 club
              (5 damage)
             ... on level 1 of the Dungeon.
             The game lasted 00:00:43 (255 turns).

Nattfarinn the Caller (Barachi Summoner)             Turns: 255, Time: 00:00:44

Health: -1/20      AC:  2    Str:  9    XL:     2   Next: 0%
Magic:  4/5        EV: 12    Int: 15    God:
Gold:   13         SH:  0    Dex: 12    Spells: 4/5 levels left

rFire    . . .     SeeInvis .   f - +0 club
rCold    . . .     Gourm    .   (no shield)
rNeg     . . .     Faith    .   a - +0 robe
rPois    .         Spirit   .   (no helmet)
rElec    .         Reflect  .   (no cloak)
rCorr    .         Harm     .   (no gloves)
MR       .....                  (no boots)
Stlth    ++........             (no amulet)
HPRegen  0.06/turn              (no ring)
MPRegen  0.09/turn              (no ring)

@: slow
A: +LOS, swims, slowness 1, strong legs 1
a: Hop


You were on level 1 of the Dungeon.
You were not hungry.

You visited 1 branch of the dungeon, and saw 1 of its levels.

You collected 13 gold pieces.

Inventory:

Hand Weapons
 f - a +0 club (weapon)
Armour
 a - a +0 robe (worn)
Scrolls
 b - a scroll of teleportation {unknown}
 d - a scroll of amnesia {unknown}
 e - a scroll of enchant armour {unknown}
 h - a scroll of identify {unknown}
Potions
 g - a potion of agility {unknown}
Comestibles
 c - a ration
 i - 4 chunks of flesh


   Skills:
 + Level 0.5 Fighting
 * Level 1.0 Armour
 - Level 2.1 Dodging
 - Level 1.7 Stealth
 - Level 2.1 Spellcasting
 * Level 5.0 Summonings


You had 4 spell levels left.
You knew the following spells:

 Your Spells              Type           Power        Failure   Level  Hunger
a - Summon Small Mammal   Summ           ###.         2%          1    #......

Your spell library contained the following spells:

 Spells                   Type           Power        Failure   Level  Hunger
 Call Imp                 Summ           ###.....     4%          2    ###....
 Call Canine Familiar     Summ           ###.....     9%          3    ###....
 Summon Guardian Golem    Hex/Summ       #.......     24%         3    ###....
 Summon Ice Beast         Ice/Summ       #.......     61%         4    #####..
 Summon Lightning Spire   Summ/Air       #.......     61%         4    #####..


Dungeon Overview and Level Annotations

Branches:
Dungeon (1/15)

Altars:


Innate Abilities, Weirdness & Mutations

Shadows flee at your approach. (+LOS)
You can swim through water.
You cover ground slowly.
You can hop short distances.


Message History

You closely miss the hobgoblin.
The hobgoblin is moderately wounded.
Your rat bites the hobgoblin.
The hobgoblin hits you but does no damage.
You hit the hobgoblin.
The hobgoblin is almost dead.
Your rat barely misses the hobgoblin.
The hobgoblin barely misses your rat.
You closely miss the hobgoblin.
The hobgoblin is almost dead.
Your rat misses the hobgoblin. The hobgoblin hits you with a +0 club.
* * * LOW HITPOINT WARNING * * *
You hit the hobgoblin.
You kill the hobgoblin!
Your Armour skill increases to level 1!
You have reached level 2!
The hobgoblin barely misses you.
Casting: Summon Small Mammal (safe; 2% risk of failure)
Confirm with . or Enter, or press ? or * to list all spells.
The hobgoblin hits you with a +0 club.
You die...

##.## ##...#########
###............#
#........#####.#
######........#####.###
#....).....(..##......#
#.####..##.#..##b##.#.#
#.#
#..##......r##.#.#######
#.#
#..##.#....@gr.........#
#.#
#.......#####.##..#.##.#
#.# ...##.### #.# ..#
#.## ...##. #.# ....
...# ...## #.# #.#..
...# .## #.# .#..# ...#
#.. .. ... #### ### ..
..# #. ##


You could see a hobgoblin, a rat, a friendly bat and a friendly rat.

Vanquished Creatures
  2 hobgoblins (D:1)
2 creatures vanquished.

Vanquished Creatures (collateral kills)
  A leopard gecko (D:1)
  A hobgoblin (D:1)
  A frilled lizard (D:1)
  A goblin (D:1)
  A kobold (D:1)
5 creatures vanquished.

Grand Total: 7 creatures vanquished

Notes
Turn   | Place    | Note
-------+----------+-------------------------------------------
     0 | D:1      | Nattfarinn the Barachi Summoner began the quest for the
                  | Orb.
     0 | D:1      | Reached XP level 1. HP: 13/13 MP: 3/3
   247 | D:1      | Reached skill level 5 in Summonings
   254 | D:1      | Reached skill level 1 in Armour
   254 | D:1      | Reached XP level 2. HP: 4/20 MP: 5/5
   255 | D:1      | Slain by a hobgoblin

Levels and vault maps discovered:
D:1:      onia_arrival_mini_maze_b, layout_loops_cross

Skill      XL: |  1 |
---------------+----+-----
Summonings     | 5 |  5.0
Armour         | 1 |  1.0
Fighting       | |  0.5
Dodging        | |  2.1
Stealth        | |  1.7
Spellcasting   | |  2.1

Action                   || total
-------------------------++-------
Melee: Club              ||    17
 Cast: Summon Small Mamm ||     5
Armor: Robe              ||     2
Dodge: Dodged            ||    10
